 Dungeon Crawl Stone Soup version 0.29.1-15-g9cfb28693d (webtiles) character file.

Game seed: 17526650456231787891

196 XudoQuotil the Chopper (level 5, -6/44 (47) HPs)
             Began as a Hill Orc Fighter on Feb 22, 2023.
             Was an Initiate of the Shining One.
             Mangled by a freezing wraith (18 damage)
             ... created by the anger of Yredelemnul
             ... on level 4 of the Dungeon.
             The game lasted 00:08:33 (1737 turns).

XudoQuotil the Chopper (Hill Orc Fighter)           Turns: 1737, Time: 00:08:45

HP:   -6/44 (47)    AC:  7    Str: 21    XL:     5   Next: 74%
MP:   5/5           EV:  9    Int: 14    God:    the Shining One [......]
Gold: 102           SH:  4    Dex: 10    Spells: 4/4 levels left

rFire   . . .      SeeInvis .   s - +4 mace
rCold   . . .      Faith    .   c - +0 buckler
rNeg    . . .      Spirit   .   b - +0 scale mail
rPois   .          Reflect  .   (no helmet)
rElec   .          Harm     .   (no cloak)
rCorr   .          Rampage  .   (no gloves)
Will    .....                   (no boots)
Stlth   ..........              (no amulet)
HPRegen 0.14/turn               n - +6 ring of intelligence
MPRegen 0.09/turn               (no ring)

@: glowing, drained
A: no striking features
a: Renounce Religion


You were on level 4 of the Dungeon.
You worshipped the Shining One.
The Shining One was noncommittal.
You visited 1 branch of the dungeon, and saw 4 of its levels.

You collected 102 gold pieces.

Inventory:

Hand Weapons
 a - a +0 war axe
 s - a +4 mace (weapon)
 t - a +2 whip of venom
Missiles
 g - 4 poisoned darts (quivered)
Armour
 b - a +0 scale mail (worn)
 c - a +0 buckler (worn)
 x - a +0 ring mail
Jewellery
 n - a +6 ring of intelligence (left hand)
Scrolls
 e - 2 scrolls of identify {unknown}
 f - 2 scrolls of teleportation {unknown}
 k - a scroll of immolation
 o - a scroll of amnesia {unknown}
 p - a scroll of fear {unknown}
 q - a scroll of blinking {unknown}
 r - a scroll of butterflies {unknown}
 u - a scroll of poison {unknown}
 v - a scroll of magic mapping {unknown}
Potions
 d - a potion of might
 h - a potion of flight {unknown}
 i - 2 potions of mutation {unknown}
 j - a potion of brilliance {unknown}
 l - a potion of lignification {unknown}
 m - a potion of curing {unknown}
 w - a potion of berserk rage {unknown}


   Skills:
 + Level 4.5 Fighting
 + Level 5.3 Axes
 + Level 0.2(2.7) Maces & Flails
 + Level 4.1 Armour
 + Level 0.2 Dodging
 + Level 0.3 Stealth
 + Level 4.0 Shields
 + Level 0.1 Invocations


You had 4 spell levels left.
You didn't know any spells.
Your spell library contained the following spells:

 Spells                   Type           Power      Damage    Failure   Level
 Blink                    Tloc           0%         N/A       83%         2
 Confusing Touch          Hex            0%         N/A       96%         3
 Lesser Beckoning         Tloc           0%         N/A       96%         3
 Ozocubu's Armour         Ice            0%         N/A       96%         3
 Manifold Assault         Tloc           0%         N/A       100%        5
 Yara's Violent Unravell  Hex/Tmut       0%         3d3       100%        5
 Enfeeble                 Hex            0%         N/A       100%        7
 Ozocubu's Refrigeration  Ice            0%         4d7       100%        7


Dungeon Overview and Level Annotations

Branches:
Dungeon (4/15)
 Temple: D:4-7

Altars:
Elyvilon
Yredelemnul
The Shining One

Shops:
D:1 *


Message History

The kobold is heavily wounded.
The kobold hits you but does no damage.
You closely miss the kobold.
The kobold is heavily wounded.
The kobold barely misses you.
You miss the kobold.
The kobold is heavily wounded.
The kobold closely misses you. The kobold hits you but does no damage.
You barely miss the kobold.
The kobold is heavily wounded.
The kobold hits you but does no damage.
You sock the kobold!
You kill the kobold!
Things that are here:
a +0 club; a kobold corpse
Okay, then.
Found a stone staircase leading up.
Found a robe.
Found a ring mail.
You see here a +0 robe.
You see here a +0 ring mail.
x - a +0 ring mail Yredelemnul's anger turns toward you for a moment.
The bolt of negative energy hits you!!
You feel drained.
There is a stone staircase leading up here.
You climb upwards.
There is a stone staircase leading down here.
You climb downwards.
There is a stone staircase leading up here.
Yredelemnul sends servants to punish you.
A vampire and a freezing wraith come into view.
The freezing wraith hits you but does no damage.
The freezing wraith hits you. The vampire attacks as you move away!
The vampire hits you! The vampire bites you.
The vampire draws strength from your injuries!
The freezing wraith hits you.
* * * LOW HITPOINT WARNING * * *
The freezing wraith freezes you!!
You die...

#<..........## ##
###............# .#
###..#...........#
.##
##..###...[.......##
..###..##
#............#
.##..###
##...........#
...### #...........#
..## ##..........#
.## #...@......# ..#
##...W.....# ..##
##.V......# #..#
##......## ##.##
#......# ##.#
##.....# #.##
##...## ##.## #####
#..#


You could see a freezing wraith and a vampire.

Vanquished Creatures
  2 jellies
  Terence (D:3)
  An iguana (D:3)
  3 adders
  A worm (D:2)
  A dart slug (D:3)
  5 ball pythons
  5 endoplasms
  2 giant cockroaches (D:1)
  6 goblins
  2 hobgoblins
  2 jackals (D:2)
  3 kobolds
  5 quokkas
  4 bats
  3 frilled lizards
  3 rats
49 creatures vanquished.

Vanquished Creatures (collateral kills)
  A giant cockroach (D:3)
  A ball python (D:3)
  A frilled lizard (D:2)
  A kobold (D:3)
4 creatures vanquished.

Vanquished Creatures (others)
  A bat zombie (D:3)
1 creature vanquished.

Grand Total: 54 creatures vanquished

Notes
Turn   | Place    | Note
-------+----------+-------------------------------------------
     0 | D:1      | XudoQuotil the Hill Orc Fighter began the quest for the
                  | Orb.
     0 | D:1      | Reached XP level 1. HP: 19/19 MP: 1/1
   102 | D:1      | Found Tuetis's General Store.
   114 | D:1      | Reached XP level 2. HP: 27/27 MP: 2/2
   201 | D:1      | Reached skill level 3 in Axes
   320 | D:1      | Reached XP level 3. HP: 25/33 MP: 3/3
   397 | D:2      | Found a faded altar of an unknown god.
   504 | D:2      | Reached skill level 4 in Axes
   504 | D:2      | Reached XP level 4. HP: 10/40 MP: 4/4
  1062 | D:2      | Prayed at the altar of an unknown god.
  1062 | D:2      | Became a worshipper of Yredelemnul the Dark
  1062 | D:2      | Reached * piety under Yredelemnul
  1156 | D:3      | Found a white marble altar of Elyvilon.
  1293 | D:3      | Noticed Terence
  1301 | D:3      | Killed Terence
  1302 | D:3      | Reached XP level 5. HP: 24/47 MP: 5/5
  1350 | D:3      | Reached skill level 5 in Axes
  1457 | D:4      | Found a glowing golden altar of the Shining One.
  1467 | D:4      | Fell from the grace of Yredelemnul
  1467 | D:4      | Became a worshipper of the Shining One
  1735 | D:4      | Noticed a vampire
  1735 | D:4      | Noticed a freezing wraith
  1737 | D:4      | Mangled by a freezing wraith

Illustrated notes

Levels and vault maps discovered:
D:1:      onia_arrival_pyramid, layout_loops_ring, serial_shops,
          nicolae_square_shop, minmay_three_crescents
D:2:      layout_rooms, serial_shops, shop_fountains,
          hellmonk_ecumenical_altar_blasted, basic_altar
D:3:      layout_loops_cross, mainiacjoe_overflow_boulevard, uniq_terence
D:4:      layout_cave_pods, kennysheep_little_box, minmay_manual_monolith

Skill      XL: |  1  2  3  4  5 |
---------------+----------------+-----
Axes           | 3 4 5 |  5.3
Fighting       | 4 |  4.5
Armour         | 4 |  4.1
Shields        | 4 |  4.0
Maces & Flails | |  0.2
Dodging        | |  0.2
Stealth        | |  0.3
Invocations    | |  0.1

Action                   |  1- 3 |  4- 6 || total
-------------------------+-------+-------++-------
Melee: War axe           |    77 |    30 ||   107
       Mace              |       |    29 ||    29
Invok: Recall Undead Har |       |     2 ||     2
 Stab: Distracted        |       |     1 ||     1
Armor: Scale mail        |    50 |    31 ||    81
Dodge: Dodged            |    44 |    37 ||    81
Block: Buckler           |    26 |    10 ||    36
